Map: Acid Plant LE

Players

Nerchio

  • Race: Zerg Zerg
  • Spawn Location: 5:00

ShoWTimE - Winner!

  • Race: Protoss Protoss
  • Spawn Location: 11:00

Event: WESG 2017 Haikou

VOD

Have the link to the VOD?

Description

Time

  • Played on: March 16, 2018, 4:16 a.m.
  • Length: 7:20

All games in this series

Show
View Real Time Build Order
Export as new Build Order

Nerchio Zerg 

Build Orders: Hatch First 

Get SALT Encoding   

  12  0:00  Drone  
  13  0:12  Overlord  
  13  0:17  Drone  
  14  0:30  Drone x2  
  16  0:49  Hatchery  
  15  0:52  Drone  
  15  0:55  Drone  
  17  0:59  Drone  
  18  1:09  Extractor  
  17  1:14  Spawning Pool  
  17  1:18  Drone  
  17  1:20  Drone  
  18  1:27  Drone  
  19  1:38  Overlord  
  19  1:49  Drone  
  20  2:01  Zergling x2, Queen x2  
  22  2:03  Zergling x2  
  26  2:10  Metabolic Boost  
  26  2:13  Drone  
  27  2:16  Drone  
  27  2:21  Drone  
  29  2:24  Drone  
  30  2:40  Hatchery  
  30  2:41  Drone  
  30  2:44  Drone  
  31  2:45  Drone  
  32  2:51  Overlord  
  32  2:57  Queen  
  34  3:02  Drone x2  
  36  3:11  Drone x4  
  40  3:17  Queen  
  42  3:21  Overlord  
  42  3:25  Drone  
  43  3:27  Drone  
  43  3:31  Spore Crawler  
  43  3:32  Drone  
  44  3:36  Spore Crawler  
  43  3:42  Drone x3  
  43  3:44  Queen  
  43  3:46  Drone  
  43  3:48  Drone  
  50  3:50  Drone  
  50  3:52  Drone  
  50  3:53  Drone  
  54  3:55  Drone  
  54  4:00  Drone  
  54  4:02  Drone  
  56  4:03  Overlord  
  56  4:06  Drone  
  56  4:07  Drone  
  58  4:11  Spore Crawler  
  58  4:12  Overlord  
  58  4:13  Overlord  
  57  4:17  Lair  
  58  4:24  Drone  
  58  4:25  Extractor x2, Overlord  
  58  4:31  Drone x4  
  60  4:36  Overlord  
  60  4:41  Drone x3, Baneling Nest  
  60  4:43  Drone  
  60  4:44  Drone  
  64  4:56  Zergling x14  
  64  4:58  Zergling x4  
  64  4:59  Zergling x2  
  74  5:07  Overlord  
  73  5:08  Zergling x2  
  73  5:10  Zergling x6  
  73  5:13  Overlord  
  77  5:16  Overlord  
  77  5:26  Hydralisk Den, Extractor  
  75  5:30  Drone x8  
  75  5:31  Drone  
  75  5:34  Extractor  
  75  5:35  Extractor, Queen  
  85  5:37  Drone  
  85  5:41  Drone x2  
  87  5:43  Drone x3  
  87  5:44  Drone x2  
  87  5:45  Drone  
  87  5:48  Drone  
  92  5:53  Drone x2  
  93  5:58  Drone  
  93  5:59  Evolution Chamber  
  93  6:03  Hydralisk  
  95  6:11  Hydralisk, Hatchery  
  95  6:13  Hydralisk x3  
  95  6:17  Overseer  
  101  6:19  Drone  
  101  6:24  Baneling  
  101  6:25  Baneling x4  
  102  6:26  Baneling x2  
  102  6:27  Baneling  
  102  6:29  Baneling  
  102  6:30  Baneling x5  
  102  6:36  Zergling x6  
  89  6:49  Zergling x2  
  89  6:50  Zergling x18  
  89  6:52  Zergling x2  
  89  6:53  Zergling x4  
  94  6:55  Zergling x2  
  94  6:58  Zergling x2  
  94  7:00  Zergling x4  
Show
View Real Time Build Order
Export as new Build Order

ShoWTimE Protoss - Winner!

Build Orders: 1 Gate Expand, Oracle Opening, Phoenix Opening, Zealot Archon, Archon Drop 

Get SALT Encoding   

  12  0:00  Probe  
  13  0:12  Probe  
  14  0:19  Pylon  
  14  0:25  Probe (Chrono Boost)  
  15  0:37  Probe (Chrono Boost)  
  15  0:40  Gateway  
  16  0:45  Probe (Chrono Boost)  
  16  0:47  Assimilator  
  17  0:51  Probe  
  18  1:03  Probe  
  19  1:15  Probe  
  20  1:25  Nexus  
  20  1:35  Cybernetics Core  
  20  1:38  Probe  
  21  1:44  Assimilator  
  21  1:50  Probe  
  22  1:54  Pylon  
  22  2:03  Probe  
  23  2:10  Adept (Chrono Boost)  
  23  2:15  Probe  
  26  2:17  Stargate  
  26  2:24  Warp Gate  
  26  2:27  Probe (Chrono Boost)  
  26  2:29  Adept  
  29  2:37  Probe (Chrono Boost)  
  29  2:44  Probe (Chrono Boost)  
  31  2:48  Probe (Chrono Boost)  
  33  2:52  Probe (Chrono Boost)  
  33  2:57  Oracle (Chrono Boost), Probe (Chrono Boost)  
  33  2:58  Probe (Chrono Boost)  
  35  3:04  Probe  
  39  3:05  Probe  
  39  3:09  Pylon  
  40  3:16  Probe  
  40  3:17  Probe  
  42  3:23  Gateway  
  42  3:27  Phoenix  
  42  3:28  Probe (Chrono Boost)  
  42  3:31  Probe (Chrono Boost)  
  42  3:32  Assimilator  
  46  3:36  Assimilator  
  46  3:40  Probe (Chrono Boost)  
  47  3:47  Robotics Facility, Probe (Chrono Boost)  
  49  3:48  Probe (Chrono Boost)  
  49  3:54  Probe x2  
  50  3:56  Twilight Council  
  51  4:04  Pylon  
  51  4:06  Probe x2  
  53  4:16  Gateway  
  53  4:17  Gateway  
  53  4:23  Gateway  
  53  4:27  Gateway  
  53  4:31  Pylon  
  53  4:32  Warp Prism (Chrono Boost)  
  55  4:38  Charge (Chrono Boost)  
  55  4:42  Templar Archives  
  55  4:52  Zealot  
  57  4:53  Zealot  
  57  4:56  Probe  
  60  5:08  Pylon  
  60  5:11  Nexus  
  60  5:22  Zealot, High Templar x4  
  60  5:26  Zealot  
  60  5:27  Archon x2, Pylon  
  72  5:30  Pylon, Observer  
  73  5:58  Zealot x6  
  73  6:00  Immortal  
  73  6:01  Pylon  
  89  6:11  Pylon  
  89  6:19  Zealot x5  
  89  6:23  Zealot  
  101  6:43  Zealot x5  
  101  6:44  Zealot  
  109  6:47  Immortal (Chrono Boost)  
  99  6:58  Probe  
  102  7:05  Zealot x4  
  102  7:08  Zealot  
  104  7:12  Zealot  
Tags
 
Add a new tag
Caveats
  • Supply blocks, unpowered buildings, or Contaminate may cause inaccurate times.
  • Supply counts are checked every 10 seconds.